 Dungeon Crawl Stone Soup version 0.31-a0-237-g2d982f9f85 (webtiles) character file.

Game seed: 3220456997694936266

62 qw the Shooter (level 3, -7/29 HPs)
             Began as a Minotaur Hexslinger on July 10, 2023.
             Mangled by an ice beast (12 damage)
             ... on level 3 of the Dungeon.
             The game lasted 00:00:39 (2178 turns).

qw the Shooter (Minotaur Hexslinger)                Turns: 2178, Time: 00:00:39

Health: -7/29      AC:  5    Str: 12    XL:     3   Next: 85%
Magic:  3/3        EV: 11    Int: 10    God:
Gold:   144        SH:  0    Dex: 14    Spells: 3/4 levels left

rFire   . . .        Y - +2 sling
rCold   . . .        (no shield)
rNeg    . . .        d - +0 ring mail
rPois   .            (helmet restricted)
rElec   .            (no cloak)
rCorr   .            (no gloves)
SInv    .            (no boots)
Will    .....        (no amulet)
Stlth   +            (no ring)
HPRegen 0.24/turn    (no ring)
MPRegen 0.08/turn

%: no passive effects
@: about to teleport
A: horns 2, retaliatory headbutt
a: no special abilities


You were on level 3 of the Dungeon.
You visited 1 branch of the dungeon, and saw 3 of its levels.

You collected 144 gold pieces.


Innate Abilities, Weirdness & Mutations

You have a pair of horns on your head.
You reflexively headbutt those who attack you in melee.


   Skills:
 - Level 2.0 Fighting
 + Level 4.1 Ranged Weapons
 - Level 1.2 Armour
 - Level 2.1 Dodging
 - Level 1.0 Spellcasting
 - Level 2.0 Hexes


You had 3 spell levels left.
You knew the following spells:

 Your Spells              Type           Power      Damage    Failure   Level
a - Slow                  Hex            16%        N/A       34%         1

Your spell library contained the following spells:

 Spells                   Type           Power      Damage    Failure   Level
 Inner Flame              Hex/Fire       2%         N/A       83%         3
 Portal Projectile        Hex/Tloc       4%         N/A       83%         3
 Cause Fear               Hex            2%         N/A       98%         4

Inventory:

Hand Weapons
 Y - a +2 sling (weapon)
Armour
 d - a +0 ring mail (worn)
Scrolls
 b - 2 scrolls of teleportation
 f - 4 scrolls of identify
 h - a scroll of amnesia {unknown}
Potions
 a - a potion of curing
 c - a potion of heal wounds {unknown}
 e - a potion of ambrosia {unknown}
 g - a potion of enlightenment {unknown}

Dungeon Overview and Level Annotations

Branches:
Dungeon (3/15)

Altars:


Message History

Enter note: You shoot a sling bullet.
The sling bullet hits the ball python!
You kill the ball python!
There is a stone staircase leading down here.
Found a dagger.
You now have 139 gold pieces (gained 11).
Enter note: You see here a +0 dagger.
A rat comes into view.
Enter note: You shoot a sling bullet.
The sling bullet hits the rat!
You kill the rat!
You see here a rat corpse.
You now have 144 gold pieces (gained 5).
An ice beast comes into view.
Enter note:
Enter note: You shoot a sling bullet.
The sling bullet hits the ice beast.
The ice beast is lightly wounded.
You shoot a sling bullet. The sling bullet hits the ice beast.
The ice beast is moderately wounded.
You shoot a sling bullet. The sling bullet hits the ice beast.
The ice beast is heavily wounded.
You shoot a sling bullet. The sling bullet hits the ice beast.
The ice beast is severely wounded.
The ice beast hits you. The ice beast freezes you!
You shoot a sling bullet. The sling bullet hits the ice beast.
The ice beast is severely wounded.
The ice beast hits you but does no damage.
You shoot a sling bullet. The sling bullet hits the ice beast.
The ice beast is severely wounded.
The ice beast hits you but does no damage. x2
You shoot a sling bullet.
The sling bullet barely misses the ice beast.
The ice beast hits you. The ice beast freezes you.
2178 ||| READING 3 scrolls of teleportation.
As you read the scroll of teleportation, it crumbles to dust.
You feel strangely unstable. The ice beast hits you. The ice beast freezes you!
You die...

#. ..# ## .. . ...
+. #.#. ..# ## #...
..# #..# ..# #..#
..# #.##..###Y.# #+#
#.......@..# #.#
#####.############.#
#...####........##
#...........##...##
#...####.##.#.....#
##### #.##.##...##
## #.##.###.## #.
#.##.###.#####.
#.##...........


You could see an ice beast.

Vanquished Creatures
  2 adders (D:3)
  4 orcs (D:3)
  4 endoplasms
  A goblin (D:2)
  4 hobgoblins
  3 quokkas
  6 ball pythons
  6 bats
  3 frilled lizards
  2 kobolds
  5 rats
40 creatures vanquished.

Notes
Turn   | Place    | Note
-------+----------+-------------------------------------------
     0 | D:1      | qw the Minotaur Hexslinger began the quest for the Orb.
     0 | D:1      | Reached XP level 1. HP: 16/16 MP: 1/1
     0 | D:1      | 0 ||| qw: Version: 0.3-a-52-g30416fa
     0 | D:1      | 0 ||| qw: Game counter: 4967
     0 | D:1      | 0 ||| qw: Melee chars always use a shield: true
     0 | D:1      | 0 ||| qw: God list: Okawaru
     0 | D:1      | 0 ||| qw: Allow faded altars: false
     0 | D:1      | 0 ||| qw: Do Orc after clearing Dungeon:15 true
     0 | D:1      | 0 ||| qw: Do second Lair branch before Depths: true
     0 | D:1      | 0 ||| qw: Lair rune preference: random
     0 | D:1      | 0 ||| qw: Goals: Normal
     0 | D:1      | 0 ||| PLANNING D:1-11
   321 | D:1      | Reached skill level 3 in Ranged Weapons
   360 | D:1      | Reached XP level 2. HP: 23/23 MP: 2/2
   630 | D:1      | 630 ||| UPGRADING to +0 ring mail.
   640 | D:1      | 640 ||| DROPPING +0 robe.
   641 | D:1      | 641 ||| READING scroll labelled BISOINK POONA.
   644 | D:1      | 644 ||| READING scroll labelled MUOVVA WOPASM.
   645 | D:1      | 645 ||| READING scroll labelled BOLIFF HELAV.
   646 | D:1      | 646 ||| READING scroll labelled UTE SINOSTRUOBB.
   647 | D:1      | 647 ||| READING scroll labelled IDERIELOAK.
   648 | D:1      | 648 ||| READING scroll labelled KATSOS LOGG.
   649 | D:1      | 649 ||| DROPPING scroll of poison.
  1609 | D:2      | 1609 ||| READING scroll labelled XIFERA MEGUOVU.
  1610 | D:2      | 1610 ||| READING 2 scrolls of identify.
  1610 | D:2      | 1610 ||| IDENTIFYING white potion
  1687 | D:3      | Reached XP level 3. HP: 29/29 MP: 3/3
  1926 | D:3      | Reached skill level 4 in Ranged Weapons
  1933 | D:3      | Reached skill level 1 in Armour
  1933 | D:3      | 1933 ||| FLEEEEING.
  1934 | D:3      | 1934 ||| FLEEEEING.
  1935 | D:3      | 1935 ||| FLEEEEING.
  1936 | D:3      | 1936 ||| FLEEEEING.
  1937 | D:3      | 1937 ||| FLEEEEING.
  1938 | D:3      | 1938 ||| FLEEEEING.
  1939 | D:3      | 1939 ||| FLEEEEING.
  1940 | D:3      | 1940 ||| FLEEEEING.
  1941 | D:3      | 1941 ||| FLEEEEING.
  1942 | D:3      | 1942 ||| FLEEEEING.
  1943 | D:3      | 1943 ||| FLEEEEING.
  1944 | D:3      | 1944 ||| FLEEEEING.
  1945 | D:3      | 1945 ||| FLEEEEING.
  1946 | D:3      | 1946 ||| FLEEEEING.
  1947 | D:3      | 1947 ||| FLEEEEING.
  1948 | D:3      | 1948 ||| FLEEEEING.
  1949 | D:3      | 1949 ||| FLEEEEING.
  1950 | D:3      | 1950 ||| FLEEEEING.
  1951 | D:3      | 1951 ||| FLEEEEING.
  1952 | D:3      | 1952 ||| FLEEEEING.
  1953 | D:3      | 1953 ||| FLEEEEING.
  1954 | D:3      | 1954 ||| FLEEEEING.
  1955 | D:3      | 1955 ||| FLEEEEING.
  1956 | D:3      | 1956 ||| FLEEEEING.
  1957 | D:3      | 1957 ||| FLEEEEING.
  1958 | D:3      | 1958 ||| FLEEEEING.
  2170 | D:3      | Noticed an ice beast
  2177 | D:3      | HP: 6/29 [ice beast (5)]
  2178 | D:3      | 2178 ||| READING 3 scrolls of teleportation.
  2178 | D:3      | Mangled by an ice beast

Levels and vault maps discovered:
D:1:      minmay_arrival_jagged, layout_loops_ring
D:2:      layout_rooms, serial_co_window_serial, co_window_of_opportunity_a,
          co_window_of_opportunity_a, co_window_paths_a, co_window_paths_b,
          co_window_paths_b, co_window_paths_b, co_window_corner_a,
          co_window_2corner, co_window_broadway_b, co_window_corner_cb,
          co_window_broadway_b, co_window_broadway_b, co_window_4corner_a,
          co_window_paths_d
D:3:      layout_loops_corners, general_overflow_altar,
          dreamdust_ecumenical_altar_statues, gammafunk_ghost_cemetery

Skill      XL: |  1  2  3 |
---------------+----------+-----
Ranged Weapons | 3 4 |  4.1
Fighting       | 2 |  2.0
Armour         | 1 |  1.2
Dodging        | |  2.1
Spellcasting   | |  1.0
Hexes          | |  2.0

Action                     || total
---------------------------++-------
   Fire: Sling             ||   124
    Use: Scroll            ||     9
 Armour: Robe              ||     2
         Ring mail         ||    24
  Dodge: Dodged            ||    35

Table legend:
 A = Non-vault XP
 B = Vault XP
 C = Vault XP percentage of total XP
 D = Non-vault monster count
 E = Vault monster count
 F = Vault count percentage of total count
                 A         B        C        D         E       F
            +---------+---------+-------+---------+---------+-------
      Total |      89 |       0 |   0.0 |      40 |       0 |   0.0
            +---------+---------+-------+---------+---------+-------
        D:1 |      23 |       0 |   0.0 |      16 |       0 |   0.0
        D:2 |      16 |       0 |   0.0 |      10 |       0 |   0.0
        D:3 |      50 |       0 |   0.0 |      14 |       0 |   0.0
            +---------+---------+-------+---------+---------+-------
